 Dungeon Crawl Stone Soup version 0.26.0-10-g1f06aea511 (webtiles) character file.

Game seed: 12936766112534310211

331 Dracia the Spear-Bearer (level 6, -3/44 HPs)
             Began as a Merfolk Gladiator on Jan 23, 2021.
             Slain by Pikel
             ... wielding a +1 whip of electrocution
              (15 damage)
             ... on level 4 of the Dungeon.
             The game lasted 00:04:34 (3270 turns).

Dracia the Spear-Bearer (Merfolk Gladiator)         Turns: 3270, Time: 00:04:34

Health: -3/44      AC:  6    Str: 15    XL:     6   Next: 52%
Magic:  6/6        EV: 14    Int:  9    God:
Gold:   115        SH:  0    Dex: 15    Spells: 5/5 levels left

rFire    . . .     SeeInvis .   a - +3 trident
rCold    . . .     Faith    .   (no shield)
rNeg     . . .     Spirit   .   b - +0 leather armour
rPois    .         Reflect  .   c - +1 helmet
rElec    .         Harm     .   (no cloak)
rCorr    .         Rampage  .   g - +0 pair of gloves
Will     .....                  (no boots)
Stlth    +.........             (no amulet)
HPRegen  0.14/turn              (no ring)
MPRegen  0.10/turn              (no ring)

@: confused
A: change form in water, swift swim, stealthy swim
a: no special abilities


You were on level 4 of the Dungeon.
You visited 1 branch of the dungeon, and saw 4 of its levels.

You collected 115 gold pieces.


   Skills:
 - Level 2.1 Fighting
 * Level 10.1 Polearms
 - Level 2.0 Throwing
 - Level 4.0 Dodging


You had 5 spell levels left.
You didn't know any spells.
Your spell library contained the following spells:

 Spells                   Type           Power        Failure   Level
 Beastly Appendage        Tmut           0%           45%         1
 Wereblood                Tmut           0%           58%         2
 Spider Form              Tmut/Pois      0%           83%         3
 Ice Form                 Ice/Tmut       0%           99%         4
 Blade Hands              Tmut           0%           100%        5

Inventory:

Hand Weapons
 a - a +3 trident (weapon)
Missiles
 d - 4 throwing nets (quivered) {=f=f}
 j - 6 curare-tipped darts {=f=f}
 m - 17 poisoned darts
Armour
 b - a +0 leather armour (worn)
 c - a +1 helmet (worn)
 g - a +0 pair of gloves (worn)
Magical Staves
 s - a cursed staff of cold {!a!a, unknown}
Jewellery
 f - a +6 ring of strength {unknown}
 r - an uncursed ring of stealth {unknown}
Scrolls
 k - a scroll of teleportation {@r4@r4}
 o - a scroll of fog
 q - a scroll of amnesia
Potions
 e - a potion of haste {unknown}
 i - a potion of lignification {unknown}
 l - 2 potions of flight {unknown}

Dungeon Overview and Level Annotations

Branches:
Dungeon (4/15)
 Temple: D:4-7

Altars:

Annotations:
D:4 Pikel

...............
o...............
................
................
. $.............
... .5oo........
....o##K5........
....5S5@o........
#########........
#<)........
#..........
#..........
........>##
.#........#
.............
#####......###


You could see Pikel, 4 lemures, an adder and 4 orcs.


Message History

The orc hits you but does no damage. The lemure hits you but does no damage.
Pikel barely misses you.
Unknown command.
You're too confused to move!
The orc shouts!
The lemure hits you.
* * * LOW HITPOINT WARNING * * *
The orc hits you with a +0 short sword.
* * * LOW HITPOINT WARNING * * *
The lemure misses you. Pikel closely misses you.
You bump into the rock wall.
The lemure misses you. The orc barely misses you. Pikel misses you.
The lemure hits you but does no damage.
Unknown command.
You puncture Pikel!
Pikel is severely wounded.
The lemure hits you but does no damage. The orc closely misses you.
Unknown command.
You hit Pikel but do no damage.
Pikel is severely wounded.
Pikel hits you but does no damage.
You are electrocuted!
* * * LOW HITPOINT WARNING * * *
The lemure hits you.
* * * LOW HITPOINT WARNING * * *
The lemure misses you. The orc hits you but does no damage.
You bump into the rock wall.
Pikel hits you with a +1 whip of electrocution.
* * * LOW HITPOINT WARNING * * *
You are electrocuted!
You die...

Skill      XL: |  1  2  3  4  5  6 |
---------------+-------------------+-----
Polearms       | 5 6 7 8 9 10 | 10.1
Fighting       | |  2.1
Throwing       | |  2.0
Dodging        | |  4.0

Action                   |  1- 3 |  4- 6 || total
-------------------------+-------+-------++-------
Melee: Trident           |   107 |   201 ||   308
  Use: Scroll            |     4 |     5 ||     9
       Potion            |       |     1 ||     1
 Stab: Sleeping          |     3 |       ||     3
Armor: Leather armour    |    24 |    40 ||    64
Dodge: Dodged            |    50 |   121 ||   171

Levels and vault maps discovered:
D:1:      tarquinn_simple_flora_water_b, layout_basic
D:2:      layout_loops_cross
D:3:      minmay_evil_eye, layout_loops_cross
D:4:      layout_rooms, lemuel_another_geyser, uniq_blork_the_orc, uniq_pikel

Notes
Turn   | Place    | Note
-------+----------+-------------------------------------------
     0 | D:1      | Dracia the Merfolk Gladiator began the quest for the Orb.
     0 | D:1      | Reached XP level 1. HP: 16/16 MP: 1/1
   163 | D:1      | Reached skill level 5 in Polearms
   294 | D:1      | Reached XP level 2. HP: 22/22 MP: 2/2
  1050 | D:2      | Reached skill level 6 in Polearms
  1050 | D:2      | Reached XP level 3. HP: 27/27 MP: 3/3
  1396 | D:2      | Reached skill level 7 in Polearms
  1396 | D:2      | Reached XP level 4. HP: 28/33 MP: 4/4
  2004 | D:3      | Reached skill level 8 in Polearms
  2052 | D:3      | Reached XP level 5. HP: 26/38 MP: 5/5
  3109 | D:3      | Reached skill level 9 in Polearms
  3117 | D:3      | Reached XP level 6. HP: 41/44 MP: 6/6
  3247 | D:4      | Reached skill level 10 in Polearms
  3248 | D:4      | Noticed Pikel
  3262 | D:4      | HP: 4/44 [lemure[Pikel] (5)]
  3270 | D:4      | Slain by Pikel

Vanquished Creatures
  An ogre (D:4)
  2 orc wizards (D:3)
  4 gnolls (D:2)
  7 adders
  3 worms
  A dart slug (D:1)
  A leopard gecko (D:1)
  3 orcs (D:3)
  7 bats
  3 giant cockroaches
  7 goblins
  7 hobgoblins
  4 jackals (D:2)
  A quokka (D:2)
  2 ball pythons
  6 frilled lizards
  7 kobolds
  8 rats
74 creatures vanquished.

Table legend: (Time is in decaauts)
 A = Elapsed time spent in this place.
 B = Non-inter-level travel time spent in this place.
 C = Inter-level travel time spent in this place.
 D = Time resting spent in this place.
 E = Time spent auto-exploring this place.
 F = Levels seen in this place.
 G = Mean time per level.
                   A        B        C        D        E       F      G
               +--------+--------+--------+--------+--------+-----+--------+
         Total |   3243 |   3147 |     96 |    332 |   2322 |   4 |  810.8 |
       Dungeon |   3243 |   3147 |     96 |    332 |   2322 |   4 |  810.8 |
               +--------+--------+--------+--------+--------+-----+--------+

Top non-repeatable levels by time:
     D:3: 1241 daAuts
     D:1: 1040 daAuts
     D:2: 936 daAuts
     D:4: 24 daAuts

Table legend:
 A = Non-vault XP
 B = Vault XP
 C = Vault XP percentage of total XP
 D = Non-vault monster count
 E = Vault monster count
 F = Vault count percentage of total count
                 A         B        C        D         E       F
            +---------+---------+-------+---------+---------+-------
      Total |     470 |       4 |   0.8 |      72 |       2 |   2.7
            +---------+---------+-------+---------+---------+-------
        D:1 |      32 |       0 |   0.0 |      17 |       0 |   0.0
        D:2 |     121 |       0 |   0.0 |      26 |       0 |   0.0
        D:3 |     187 |       4 |   2.1 |      28 |       2 |   6.7
        D:4 |     130 |       0 |   0.0 |       1 |       0 |   0.0
            +---------+---------+-------+---------+---------+-------
